 Dungeon Crawl Stone Soup version 0.29-a0-323-g050149af67 (webtiles) character file.

Game seed: 8448552508021981257

26 spiderkeys the Skirmisher (level 3, 0/34 HPs)
             Began as a Naga Abyssal Knight on Apr 12, 2022.
             Was a Believer of Lugonu.
             Slain by a hobgoblin (4 damage)
             ... on level 2 of the Dungeon.
             The game lasted 00:02:42 (1306 turns).

spiderkeys the Skirmisher (Naga Abyssal Knight)     Turns: 1306, Time: 00:02:43

Health: 0/34       AC:  2    Str: 17    XL:     3   Next: 8%
Magic:  4/4        EV:  9    Int: 10    God:    Lugonu [**....]
Gold:   43         SH:  0    Dex: 17    Spells: 2/2 levels left

rFire   . . .      SeeInvis +   f - +0 trident
rCold   . . .      Faith    .   (no shield)
rNeg    . . .      Spirit   .   b - +0 leather armour
rPois   +          Reflect  .   (no helmet)
rElec   .          Harm     .   (no cloak)
rCorr   .          Rampage  .   (no gloves)
Will    .....                   (no barding)
Stlth   ++........              (no amulet)
HPRegen 0.11/turn               D - +6 ring of dexterity
MPRegen 0.09/turn               (no ring)

@: mighty, brilliant, very slow
A: AC +1, large, see invisible, deformed body, poison resistance, slowness 2,
spit poison 1, naga tail 1
a: Spit Poison, Renounce Religion, Depart the Abyss, Bend Space


You were on level 2 of the Dungeon.
You worshipped Lugonu.
Lugonu was pleased with you.
You visited 1 branch of the dungeon, and saw 2 of its levels.
You visited the Abyss 1 time.

You collected 43 gold pieces.


Innate Abilities, Weirdness & Mutations

Your serpentine skin is tough. (AC +1)
You have supernaturally acute eyesight. (SInv)
Armour fits poorly on your strangely shaped body.
Your system is resistant to poisons. (rPois)
You cover ground very slowly.
You can spit poison.
You have a snake-like lower body.


   Skills:
 + Level 3.3 Fighting
 + Level 2.4 Polearms
 + Level 1.5 Armour
 - Level 1.2 Dodging
 + Level 2.0 Stealth
 - Level 2.0 Invocations


You had 2 spell levels left.
You didn't know any spells.
Your spell library was empty.

Inventory:

Hand Weapons
 f - a +0 trident (weapon)
   (You found it on level 1 of the Dungeon)
Missiles
 e - 6 stones
Armour
 b - a +0 leather armour (worn)
 g - a +0 chain mail
   (You found it on level 1 of the Dungeon)
Jewellery
 D - a +6 ring of dexterity (left hand)
   (You found it on level 1 of the Dungeon)
Scrolls
 a - 3 scrolls of fog {unknown}
 c - 3 scrolls of identify {unknown}
 h - 2 scrolls of silence {unknown}
Potions
 d - a potion of might

Dungeon Overview and Level Annotations

Branches:
Dungeon (2/15)

Altars:

Shops:
D:1

* .... ###########
....## #..)......#
......#####.........#
....................#
#...#...............#
.........r#b.<......#
...!....#KS##########
.......b##g#
........##@#
........##..#
........###.#
##....... .. #.......
... .... #####


You could see an adder, a hobgoblin, a bat, a kobold and a rat.


Message History

Lugonu accepts your kill.
Your Stealth skill increases to level 2!
You have reached level 3!
Your experience leads to an increase in your attributes!
Your base attributes are Str 15, Int 10, Dex 11.
Increase (S)trength, (I)ntelligence, or (D)exterity?
You feel stronger. x2; Your skin feels tougher. 😕 HP[+6] MP[+1]
You now have 34 max hp (+6).
You regained 6 hp, and now have 32/34 hp.
Your mp is fully restored (4).
A ball python comes into view.
The ball python hisses angrily. 😎 HP[+2]
Your hp is fully restored (34).
A ball python is nearby!
You reach to attack!
You puncture the ball python!
You kill the ball python!
Lugonu accepts your kill.
No target in view!
No target in view!
No target in view!
A hobgoblin comes into view.
The hobgoblin shouts!
A bat comes into view.
An adder comes into view.
There are monsters nearby!
There are monsters nearby!
A kobold comes into view. It is wielding a +0 whip.
A rat comes into view.
You barely miss the hobgoblin.
The adder hisses angrily.
The bat closely misses you. The hobgoblin hits you. 😕 HP[-2]
You take 2 damage, and now have 32/34 hp.
You barely miss the hobgoblin. The bat completely misses you.
The hobgoblin closely misses you.
The kobold shouts!
You hit the hobgoblin but do no damage. The bat hits you but does no damage.
The hobgoblin hits you. 😕 HP[-4]
You take 4 damage, and now have 28/34 hp.
The bat misses you. The adder bites you. The hobgoblin hits you. 😮 HP[-6]
You take 6 damage, and now have 22/34 hp.
The adder bites you. 😮 HP[-1]
You take 1 damage, and now have 21/34 hp.
The bat hits you but does no damage.
You see here a ball python corpse.
You completely miss the adder. Your punch misses the adder.
The bat hits you but does no damage. The adder closely misses you.
The rat twitches its whiskers.
The adder barely misses you.
You miss the adder. The adder bites you. The hobgoblin barely misses you.
The adder barely misses you.
You barely miss the adder. The adder bites you.
The hobgoblin closely misses you. 😮 HP[-1]
You take 1 damage, and now have 20/34 hp.
You closely miss the adder. The adder bites you.
* * * LOW HITPOINT WARNING * * *
You are poisoned.
The adder poisons you! The hobgoblin hits you.
* * * LOW HITPOINT WARNING * * *
The adder closely misses you. 😨 HP[-6]
You take 6 damage, and now have 14/34 hp.
You feel sick.
The hobgoblin barely misses you. 😨 HP[-2]
You take 2 damage, and now have 12/34 hp.
It was a potion of might.
You feel very mighty all of a sudden.
You feel sick. The hobgoblin hits you.
* * * LOW HITPOINT WARNING * * *
😱 HP[-4]
You take 4 damage, and now have 8/34 hp.
Okay, then.
It was a potion of brilliance.
You feel clever all of a sudden.
You feel sick. The hobgoblin misses you. 😱 HP[-1]
You take 1 damage, and now have 7/34 hp.
Aiming: Spit Poison (2% risk of failure)
Press: ? - help, Shift-Dir - straight line, f - adder
Aim: an adder (37% to hit)
The splash of poison misses the hobgoblin.
The splash of poison hits the adder!
You feel sick.
You are no longer poisoned.
The hobgoblin hits you.
* * * LOW HITPOINT WARNING * * *
😱 HP[-2]
You take 2 damage, and now have 5/34 hp.
You hit the hobgoblin. The hobgoblin hits you.
* * * LOW HITPOINT WARNING * * *
😱 HP[-2]
You take 2 damage, and now have 3/34 hp.
You closely miss the hobgoblin.
You have got your breath back.
The hobgoblin hits you.
You die...

Skill      XL: |  1  2 |
---------------+-------+-----
Dodging        | 1 |  1.2
Stealth        | 1 2 |  2.0
Fighting       | |  3.3
Polearms       | |  2.4
Armour         | |  1.5
Invocations    | |  2.0

Action                   || total
-------------------------++-------
Melee: Spear             ||    34
       Trident           ||    32
 Abil: Spit Poison       ||     1
  Use: Potion            ||     2
 Stab: Sleeping          ||     2
Armor: Leather armour    ||    13
Dodge: Dodged            ||    34

Levels and vault maps discovered:
D:1:      tarquinn_simple_flora_water_f, layout_loops_ring, serial_shops, shop,
          hellmonk_ecumenical_altar_heavens_door, minmay_tetromino_s4
D:2:      layout_rooms

Notes
Turn   | Place    | Note
-------+----------+-------------------------------------------
     0 | Abyss:1  | spiderkeys the Naga Abyssal Knight began the quest for the
                  | Orb.
     0 | Abyss:1  | Reached XP level 1. HP: 21/21 MP: 2/2
     0 | Abyss:1  | magus.rc [v1.11.3]
   138 | D:1      | You pass through the gate.
   138 | D:1      | Escaped the Abyss
   355 | D:1      | Reached skill level 1 in Dodging
   355 | D:1      | Reached skill level 1 in Stealth
   367 | D:1      | Reached XP level 2. HP: 16/28 MP: 3/3
   534 | D:1      | Found Heetry's Assorted Antiques.
   937 | D:1      | Found a faded altar of an unknown god.
  1273 | D:2      | Reached skill level 2 in Stealth
  1273 | D:2      | Reached XP level 3. HP: 32/34 MP: 4/4
  1302 | D:2      | HP: 8/34 [hobgoblin (3)]
  1305 | D:2      | HP: 3/34 [hobgoblin (2)]
  1306 | D:2      | Slain by a hobgoblin

Vanquished Creatures
  An ufetubus (Abyss:1)
  3 dart slugs
  3 bats (D:1)
  An endoplasm (D:1)
  A goblin (D:1)
  6 kobolds (D:1)
  A quokka (D:1)
  2 ball pythons
  2 frilled lizards (D:1)
  A rat (D:1)
21 creatures vanquished.

Table legend:
 A = Non-vault XP
 B = Vault XP
 C = Vault XP percentage of total XP
 D = Non-vault monster count
 E = Vault monster count
 F = Vault count percentage of total count
                 A         B        C        D         E       F
            +---------+---------+-------+---------+---------+-------
      Total |      34 |       4 |  10.5 |      19 |       2 |   9.5
            +---------+---------+-------+---------+---------+-------
        D:1 |      29 |       4 |  12.1 |      16 |       2 |  11.1
        D:2 |       5 |       0 |   0.0 |       2 |       0 |   0.0
    Abyss:1 |       0 |       0 |   N/A |       1 |       0 |   0.0
            +---------+---------+-------+---------+---------+-------

Illustrated notes

Table legend:
 A = Kills in this place as a percentage of kills in entire the game.
 B = Kills by you in this place as a percentage of kills by you in the entire game.
 C = Kills by friends in this place as a percentage of kills by friends in the entire game.
 D = Other kills in this place as a percentage of other kills in the entire game.
 E = Experience gained in this place as a percentage of experience gained in the entire game.
 F = Experience gained in this place divided by the number of levels of this place that you have seen.
                   A       B       C       D       E      F
               +-------+-------+-------+-------+-------+----------------------
         Total | 100.0 | 100.0 |   N/A |   N/A | 100.0 |   9.5
       Dungeon |  95.2 |  95.2 |   N/A |   N/A | 100.0 |  19.0
         Abyss |   4.8 |   4.8 |   N/A |   N/A |   0.0 |   0.0
               +-------+-------+-------+-------+-------+----------------------

Table legend: (Time is in decaauts)
 A = Elapsed time spent in this place.
 B = Non-inter-level travel time spent in this place.
 C = Inter-level travel time spent in this place.
 D = Time resting spent in this place.
 E = Time spent auto-exploring this place.
 F = Levels seen in this place.
 G = Mean time per level.
                   A        B        C        D        E       F      G
               +--------+--------+--------+--------+--------+-----+--------+
         Total |   1643 |   1564 |     79 |     71 |   1147 |   4 |  410.8 |
       Dungeon |   1451 |   1372 |     79 |     71 |   1119 |   2 |  725.5 |
         Abyss |    191 |    191 |      0 |      0 |     28 |   2 |   95.5 |
               +--------+--------+--------+--------+--------+-----+--------+

Top non-repeatable levels by time:
     D:1: 1406 daAuts
 Abyss:1: 159 daAuts
     D:2: 45 daAuts
 Abyss:2: 32 daAuts
